 Dungeon Crawl Stone Soup version 0.28.0 (webtiles) character file.

Game seed: 13213575587545200652

6691 Sanktem7 the Spear-Bearer (level 10, -2/93 HPs)
             Began as a Minotaur Berserker on Feb 8, 2022.
             Was an Elder of Trog.
             Slain by an orc warrior (4 damage)
             ... in a bailey.
             The game lasted 00:18:07 (7562 turns).

Sanktem7 the Spear-Bearer (Minotaur Berserker)      Turns: 7562, Time: 00:18:07

Health: -2/93      AC: 21    Str: 35 (37) XL:     10   Next: 74%
Magic:  9/9        EV: 10    Int:  4 (6)  God:    Trog [****..]
Gold:   535        SH:  0    Dex:  7 (9)  Spells: 9/9 levels left

rFire   + . .      SeeInvis .   m - +2 trident (flame)
rCold   . . .      Faith    .   (no shield)
rNeg    . . .      Spirit   .   p - +6 chain mail "Wewuck" {rC+ Str+4 Slay+3}
rPois   .          Reflect  .   (helmet unavailable)
rElec   .          Harm     .   A - +0 cloak
rCorr   .          Rampage  .   l - +1 pair of gloves
Will    ++...                   (no boots)
Stlth   ..........              (no amulet)
HPRegen 1.25/turn               d - +6 ring of strength
MPRegen 0.11/turn               w - ring of fire

@: strong-willed, regenerating
A: horns 3, retaliatory headbutt, clever 1
a: Renounce Religion, Berserk, Trog's Hand, Brothers in Arms


You were in a bailey.
You worshipped Trog.
Trog was greatly pleased with you.
You visited 1 branch of the dungeon, and saw 10 of its levels.
You also visited: Bailey.

You collected 535 gold pieces.

Inventory:

Hand Weapons
 f - a +4 spear
 m - a +2 trident of flaming (weapon)
 q - a +3 halberd
 z - a +3 quarterstaff of chaos
Missiles
 y - a throwing net (quivered)
Armour
 l - a +1 pair of gloves (worn)
 p - the +6 chain mail "Wewuck" (worn) {rC+ Str+4 Slay+3}
   (You found it on level 4 of the Dungeon)

   Str:       It affects your strength (+4).
   Slay:      It affects your accuracy & damage with ranged weapons and melee
   (+3).
   rC:        It protects you from cold.
 A - a +0 cloak (worn)
Jewellery
 d - a +6 ring of strength (left hand)
 o - a ring of magical power
 w - a ring of fire (right hand)
Wands
 a - a wand of paralysis (4)
 e - a wand of iceblast (15)
 n - a wand of digging (5)
 B - a wand of mindburst (14)
 E - a wand of polymorph (11)
 I - a wand of flame (4)
Scrolls
 c - 2 scrolls of teleportation
 t - 2 scrolls of summoning
 D - 2 scrolls of magic mapping
Potions
 b - a potion of brilliance {unknown}
 k - a potion of lignification
 r - a potion of attraction
 u - 2 potions of magic


   Skills:
 + Level 9.8 Fighting
 + Level 13.6 Polearms
 + Level 10.3 Armour
 + Level 4.8 Dodging
 + Level 1.5 Stealth


You had 9 spell levels left.
You didn't know any spells.
Your spell library was empty.

Dungeon Overview and Level Annotations

Branches:
Dungeon (10/15)            Temple (0/1) D:6            Lair (0/6) D:8
 Bailey (1/1)
    Orc: D:9-12

Altars:
Ashenzari
Dithmenos
Makhleb
Ru
Sif Muna
Yredelemnul

Shops:
D:7 (


Innate Abilities, Weirdness & Mutations

You have a pair of large horns on your head.
You reflexively headbutt those who attack you in melee.
Your mind is acute. (Int +2)


Message History

The orc barely misses you.
The orc knight hits you but does no damage.
You hit the orc. You burn the orc.
You kill the orc!
Trog accepts your kill.
Your skin crawls.
You feel strong-willed.
The orc knight hits you but does no damage.
The orc knight hits you but does no damage.
The orc knight hits you from afar with a +0 halberd!
* * * LOW HITPOINT WARNING * * *
The orc knight hits you but does no damage.
An orc warrior comes into view. It is wielding a +0 halberd.
The orc warrior shouts!
You hear a shout!
An orc warrior comes into view. It is wielding a +0 halberd.
The orc warrior moves out of view.
An orc comes into view. It is wielding a +0 halberd.
The orc shouts!
The orc warrior closely misses you.
Okay, then.
You feel better. The orc barely misses you.
The orc warrior hits you but does no damage.
The orc knight roars a battlecry!
The orcs go into a battle-frenzy!
You feel better.
The orc hits you from afar with a +0 halberd.
* * * LOW HITPOINT WARNING * * *
The orc warrior hits you but does no damage.
The orc knight hits you from afar with a +0 halberd.
* * * LOW HITPOINT WARNING * * *
You feel better.
The orc hits you from afar with a +0 halberd!
* * * LOW HITPOINT WARNING * * *
The orc warrior hits you from afar with a +0 halberd!
* * * LOW HITPOINT WARNING * * *
The orc knight hits you but does no damage.
The orc hits you from afar with a +0 halberd.
* * * LOW HITPOINT WARNING * * *
The orc warrior hits you from afar with a +0 halberd.
You die...

≈≈≈≈≈≈#..).# ≈≈≈
≈≈≈≈≈≈#.)..# ≈≈≈
♣≈≈≈≈≈#....#≈≈≈≈
♣♣♣...#....#...≈
...♣...........
...............
####........####
#$.####''####.$#
#....).)...o@..#
##.))8....8...##
#..########oo#
#..# #o.# #..#
#..# #..# #..#
#.o# #..# #..#.
.#..# #..##


You could see an orc knight, 2 orc warriors and an orc (strong).

Vanquished Creatures
  Pikel (D:6)
  A komodo dragon (D:8)
  2 hornets
  A shadow (D:9)
  A wraith (D:8)
  7 yaks
  2 basilisks (D:8)
  3 wyverns
  2 steam dragons
  Menkaure (D:7)
  2 water moccasins
  Duvessa (D:7)
  A swamp drake (D:8)
  3 orc warriors (Bailey)
  3 black bears
  3 ice beasts
  A sky beast (D:5)
  An ogre (D:5)
  2 phantoms
  2 centaurs (D:5)
  2 lemures (D:6)
  A gnoll sergeant (D:5)
  A scorpion (D:4)
  A bullfrog (D:7)
  A wyvern zombie (D:7)
  Dowan (D:7)
  11 wights
  A howler monkey (D:5)
  A crimson imp (D:8)
  2 centaur zombies (D:9)
  4 hounds
  A jelly (D:6)
  2 orc priests
  Crazy Yiuf (D:6)
  A bullfrog skeleton (D:5)
  A centaur skeleton (D:5)
  3 iguanas
  3 orc wizards
  A howler monkey zombie (D:7)
  5 gnolls
  6 adders
  3 white imps
  2 adder zombies (D:3)
  A worm (D:3)
  3 dart slugs
  29 orcs
  3 bats
  4 endoplasms
  A giant cockroach (D:4)
  6 goblins
  11 hobgoblins
  2 jackals (D:2)
  4 quokkas
  5 ball pythons
  A frilled lizard (D:3)
  A jackal skeleton (D:4)
  6 kobolds
  7 rats
179 creatures vanquished.

Vanquished Creatures (others)
  7 demonic plants (D:2)
  4 fungi (D:2)
  7 plants
  5 withered plants (D:2)
23 creatures vanquished.

Grand Total: 202 creatures vanquished

Notes
Turn   | Place    | Note
-------+----------+-------------------------------------------
     0 | D:1      | Sanktem7 the Minotaur Berserker began the quest for the
                  | Orb.
     0 | D:1      | Reached XP level 1. HP: 19/19 MP: 0/0
   298 | D:1      | Reached XP level 2. HP: 26/27 MP: 1/1
   366 | D:1      | You fall into a shaft and drop 1 floor!
   366 | D:2      | Found a faded altar of an unknown god.
   436 | D:2      | Reached skill level 4 in Polearms
   560 | D:2      | Reached XP level 3. HP: 33/33 MP: 2/2
   758 | D:2      | Reached ** piety under Trog
  1104 | D:2      | Reached XP level 4. HP: 41/41 MP: 3/3
  1870 | D:3      | Reached skill level 5 in Polearms
  1949 | D:3      | Found a basalt altar of Yredelemnul.
  2119 | D:4      | Reached skill level 5 in Fighting
  2119 | D:4      | Reached XP level 5. HP: 48/48 MP: 4/4
  2156 | D:4      | Found a sacrificial altar of Ru.
  2167 | D:4      | Identified the +6 chain mail "Wewuck" {rC+ Str+4 Slay+3}
  2566 | D:4      | Reached XP level 6. HP: 56/56 MP: 5/5
  2588 | D:4      | Reached skill level 6 in Polearms
  2901 | D:5      | Entered Level 5 of the Dungeon
  2929 | D:5      | Noticed an ice beast
  2936 | D:5      | Killed an ice beast
  2937 | D:5      | Reached skill level 5 in Armour
  2949 | D:5      | Reached XP level 7. HP: 62/62 MP: 6/6
  3041 | D:5      | Reached skill level 1 in Stealth
  3045 | D:5      | Reached *** piety under Trog
  3061 | D:5      | Reached skill level 7 in Polearms
  3155 | D:5      | Found a shimmering blue altar of Sif Muna.
  3251 | D:5      | Reached XP level 8. HP: 70/70 MP: 7/7
  3297 | D:5      | Reached skill level 8 in Polearms
  3297 | D:5      | Noticed a hornet
  3323 | D:5      | Killed a hornet
  3324 | D:5      | Reached skill level 9 in Polearms
  3537 | D:6      | Noticed Pikel
  3563 | D:6      | Paralysed by Pikel for 6 turns
  3573 | D:6      | Killed Pikel
  3574 | D:6      | Reached skill level 10 in Polearms
  3574 | D:6      | Reached XP level 9. HP: 70/79 MP: 8/8
  3764 | D:6      | Found a staircase to the Ecumenical Temple.
  3803 | D:6      | Found a broken altar of Ashenzari.
  4007 | D:6      | Found a shadowy altar of Dithmenos.
  4117 | D:6      | Found a runed translucent door.
  4118 | D:6      | Noticed Crazy Yiuf
  4284 | D:6      | Killed Crazy Yiuf
  4285 | D:6      | Reached skill level 11 in Polearms
  4647 | D:7      | Noticed Menkaure
  4656 | D:7      | Killed Menkaure
  4670 | D:7      | Noticed Dowan
  4679 | D:7      | Killed Dowan
  4683 | D:7      | Noticed Duvessa
  4688 | D:7      | Killed Duvessa
  4750 | D:7      | Found Intoz's Antique Weapon Shoppe.
  4820 | D:7      | Reached **** piety under Trog
  5624 | D:8      | Reached skill level 12 in Polearms
  5629 | D:8      | Reached XP level 10. HP: 22/90 MP: 9/9
  5963 | D:8      | Found a burning altar of Makhleb.
  6497 | D:8      | Found a staircase to the Lair.
  6646 | D:9      | Reached skill level 10 in Armour
  6863 | D:9      | Reached skill level 13 in Polearms
  7112 | D:9      | Gained mutation: Your mind is acute. (Int +2) [potion of
                  | mutation]
  7112 | D:9      | Gained mutation: You have a pair of large horns on your
                  | head. [potion of mutation]
  7467 | D:10     | Entered Level 10 of the Dungeon
  7478 | D:10     | Found a flagged portal.
  7491 | Bailey   | Entered a bailey
  7522 | Bailey   | Noticed an orc knight
  7553 | Bailey   | HP: 1/93 [orc knight (14)]
  7562 | Bailey   | HP: 2/93 [orc (6)]
  7562 | Bailey   | Slain by an orc warrior

Illustrated notes

Levels and vault maps discovered:
D:1:      elethiomel_arrival_infinity_welcomes_careful_drivers, layout_rooms
D:2:      layout_rooms, shapermc_ecumenical_altar_gd, cheibrodos_gnoll_hut
D:3:      layout_rooms, lemuel_zombie_altar_yredelemnul, columned_hall_lemuel
D:4:      layout_basic, nicolae_ru_sacrificial_ziggurat, serial_curves,
          eino_curves_04, eino_curves_01
D:5:      minmay_chambers_of_fours, layout_basic, lemuel_doored_altar
D:6:      layout_basic, mainiacjoe_overflow_tiny_flanked,
          mainiacjoe_overflow_concentric_impassable,
          minmay_temple_entry_gardened_gates, uniq_pikel,
          uniq_crazy_yiuf_cottage
D:7:      layout_layer_cave, serial_shops, nicolae_shop_trees,
          lightli_corner_chamber, uniq_menkaure, uniq_duvessa
D:8:      layout_gridville, makhleb_grotto_becter, erik_lair_dragon,
          serial_bayou_pond_a
D:9:      layout_cave_pools
D:10:     nicolae_cairo_tiling_large, layout_small_grid,
          nicolae_qazlal_eye_of_the_storm, old_standard_altar, enter_bailey_3
Bailey:   bailey_polearm_elven_captive_hellmonk, bailey

Skill      XL: |  1  2  3  4  5  6  7  8  9 10 |
---------------+-------------------------------+-----
Fighting       | 4 5 6 7 8 9 |  9.8
Polearms       | 4 5 6 7 10 12 13 | 13.6
Armour         | 3 4 5 6 8 9 10 | 10.3
Dodging        | 3 4 |  4.8
Stealth        | 1 |  1.5

Action                   |  1- 3 |  4- 6 |  7- 9 | 10-12 || total
-------------------------+-------+-------+-------+-------++-------
Melee: Spear             |    75 |    99 |       |       ||   174
       Headbutt          |    12 |    21 |    28 |    14 ||    75
       Punch             |     2 |       |       |     4 ||     6
       Trident           |       |    22 |   153 |   110 ||   285
Invok: Trog's Hand       |       |       |       |     2 ||     2
  Use: Scroll            |       |     4 |     3 |     5 ||    12
       Potion            |       |       |       |    16 ||    16
Armor: Animal skin       |     4 |       |       |       ||     4
       Scale mail        |    20 |    23 |       |       ||    43
       Chain mail        |       |    24 |    87 |    60 ||   171
Dodge: Dodged            |    47 |    65 |    75 |    61 ||   248
